 Dungeon Crawl Stone Soup version 0.21.0-3-g78d12a8 (webtiles) character file.

394 Amaterasu the Caller (level 6, -3/36 HPs)
             Began as a Deep Elf Summoner on Jan 9, 2018.
             Was a Priest of Cheibriados.
             Slain by a hornet zombie (10 damage)
             ... on level 5 of the Dungeon.
             The game lasted 00:13:40 (3239 turns).

Amaterasu the Caller (Deep Elf Summoner)            Turns: 3239, Time: 00:13:41

Health: -3/36      AC:  4    Str: 12    XL:     6   Next: 52%
Magic:  10/13      EV: 18    Int: 29    God:    Cheibriados [***...]
Gold:   207        SH:  0    Dex: 22    Spells: 2/12 levels left

rFire    . . .     SeeInvis .   f - +2 hand axe (elec)
rCold    . . .     Gourm    .   (no shield)
rNeg     . . .     Faith    .   a - +1 robe
rPois    .         Spirit   .   (no helmet)
rElec    .         Reflect  .   (no cloak)
rCorr    .         Harm     .   (no gloves)
MR       +....     Clarity  +   (no boots)
Stlth    +++.......             (no amulet)
HPRegen  0.12/turn              d - ring of protection from magic
MPRegen  0.13/turn              g - +3 ring of evasion

@: very slow
A: claws 1, rugged brown scales 1, clarity, screaming 1
a: Bend Time, Temporal Distortion, Renounce Religion


You were on level 5 of the Dungeon.
You worshipped Cheibriados.
Cheibriados was most pleased with you.
You were not hungry.

You visited 1 branch of the dungeon, and saw 5 of its levels.

You collected 207 gold pieces.

Inventory:

Hand Weapons
 f - a +2 hand axe of electrocution (weapon)
Armour
 a - a +1 robe (worn)
Jewellery
 d - a ring of protection from magic (left claw)
 g - a +3 ring of evasion (right claw)
 j - an uncursed ring of protection from fire
 l - an uncursed ring of flight
 q - a cursed ring of teleportation {unknown}
Scrolls
 h - 2 scrolls of identify
 o - a scroll of amnesia
Potions
 e - 2 potions of curing
 i - a potion of mutation
 k - a potion of degeneration
 m - 2 potions of brilliance
 p - a potion of magic
 r - a potion of might {unknown}
 s - a potion of heal wounds
Books
 b - a book of Callings

   Spells                             Type                      Level
   a - Summon Small Mammal            Summoning                    1
   b - Call Imp                       Summoning                    2
   c - Call Canine Familiar           Summoning                    3
   d - Summon Guardian Golem          Hexes/Summoning              3
   e - Summon Lightning Spire         Summoning/Air                4
   f - Summon Ice Beast               Ice/Summoning                4
Comestibles
 c - 7 rations
 n - 4 chunks of flesh


   Skills:
 * Level 1.9 Fighting
 * Level 4.1 Dodging
 - Level 2.4 Stealth
 - Level 3.5 Spellcasting
 + Level 6.6 Summonings
 * Level 1.8 Air Magic
 * Level 1.3 Invocations


You had 2 spell levels left.
You knew the following spells:

 Your Spells              Type           Power        Failure   Level  Hunger
a - Summon Small Mammal   Summ           ####         1%          1    None
b - Call Imp              Summ           #####...     1%          2    None
c - Call Canine Familiar  Summ           #####...     1%          3    ##.....
d - Summon Lightning Spi  Summ/Air       ####....     12%         4    ####...


Dungeon Overview and Level Annotations

Branches:
Dungeon (5/15)
 Temple: D:4-7

Altars:
Cheibriados
Elyvilon
Gozag
Kikubaaqudgha
Qazlal

Shops:
D:5 !!


Innate Abilities, Weirdness & Mutations

You have sharp fingernails.
You are partially covered in rugged brown scales. (AC +1, +3% HP)
You possess an exceptional clarity of mind.
You occasionally shout uncontrollably at your foes.


Message History

The phantom barely misses your wolf.
Your wolf closely misses the phantom.
Your crimson imp completely misses the phantom.
Your wolf completely misses the phantom.
The phantom blinks!
The hornet zombie misses you.
Unknown command.
You swap places.
Your wolf barely misses the hornet zombie.
The hornet zombie hits your wolf.
Unknown command.
You swap places.
The hornet zombie hits you!
The phantom blinks!
The hornet zombie hits you!
* * * LOW HITPOINT WARNING * * *
Your crimson imp barely misses the phantom.
Your crimson imp hits the phantom.
Unknown command.
Okay, then.
Your wolf closely misses the phantom.
Your wolf barely misses the phantom.
Your crimson imp hits the phantom.
The hornet zombie hits you!
You die...

*,* ****##<......#.#...## #....
*,* *,...........#......####....
**,* *,.....####..#..............
*,,* *.......###...........#*,...
*,** *.........##.#........##,,,,
*,* *......*#..#).......#..#,**,
*,* **###*,,*#...)......(#,*,**,
*,* *#,##...........#..,**, *,*
#.#..@............**,, *,*
#..§..Z.......#...,*,* *,*
##.5.5....>....##,,,,, ,,*
#.5Wh......##....,,,,
,***********#................,,,*
,* *,,,,,,,,##.............#.,,*,
** *,,,,,,,.............##..,,**,
* *,,,,,,*.##...........#,.,***,
* *,,,,,,.∩.............#,,**∩+,


You could see a phantom, a hornet zombie, a friendly wolf and 3 friendly crimson
imps.

Vanquished Creatures
  A crimson imp (D:5)
  A bullfrog zombie (D:5)
  A hound (D:5)
  An orc wizard (D:3)
  2 worker ants
  2 adders
  2 worms (D:2)
  2 dart slugs (D:1)
  4 orcs
  2 ball pythons (D:4)
  8 bats
  4 giant cockroaches
  4 hobgoblins
  8 frilled lizards
  9 goblins
  3 kobolds
  A leopard gecko zombie (D:5)
  6 rats
61 creatures vanquished.

Vanquished Creatures (collateral kills)
  2 orc priests
  A centaur skeleton (D:5)
  2 orc wizards
  A worker ant zombie (D:5)
  3 adders
  3 gnolls (D:3)
  A worm (D:3)
  2 dart slugs (D:1)
  6 orcs
  2 giant cockroaches
  A hobgoblin (D:1)
  2 jackals (D:3)
  5 kobolds
  3 bats
  A frilled lizard (D:1)
  7 goblins
  4 rats
46 creatures vanquished.

Grand Total: 107 creatures vanquished

Notes
Turn   | Place    | Note
-------+----------+-------------------------------------------
     0 | D:1      | Amaterasu the Deep Elf Summoner began the quest for the Orb.
     0 | D:1      | Reached XP level 1. HP: 10/10 MP: 6/6
   141 | D:1      | Reached XP level 2. HP: 15/15 MP: 6/8
   143 | D:1      | Reached skill level 5 in Summonings
   400 | D:1      | Learned a level 2 spell: Call Imp
   471 | D:1      | Gained mutation: You occasionally shout uncontrollably at your foes. [potion of mutation]
   471 | D:1      | Gained mutation: You have sharp fingernails. [potion of mutation]
   471 | D:1      | Gained mutation: You are partially covered in rugged brown scales. (AC +1, +3% HP) [potion of mutation]
   471 | D:1      | Gained mutation: You possess an exceptional clarity of mind. [potion of mutation]
   522 | D:2      | Reached XP level 3. HP: 18/19 MP: 3/9
   532 | D:2      | Learned a level 3 spell: Call Canine Familiar
   552 | D:2      | Found a snail-covered altar of Cheibriados.
   562 | D:2      | Became a worshipper of Cheibriados the Contemplative
   872 | D:2      | Found an ancient bone altar of Kikubaaqudgha.
  1179 | D:2      | Reached * piety under Cheibriados
  1489 | D:3      | Reached XP level 4. HP: 22/24 MP: 3/10
  1507 | D:3      | Reached skill level 1 in Fighting
  1575 | D:3      | Learned a level 4 spell: Summon Lightning Spire
  1661 | D:3      | Reached ** piety under Cheibriados
  1726 | D:3      | Reached skill level 6 in Summonings
  1726 | D:3      | Reached XP level 5. HP: 29/29 MP: 8/12
  2098 | D:3      | Reached skill level 1 in Air Magic
  2293 | D:3      | Found a stormy altar of Qazlal.
  2295 | D:3      | Noticed a water elemental
  2295 | D:3      | Noticed an air elemental
  2295 | D:3      | Noticed a fire elemental
  2515 | D:4      | Found a white marble altar of Elyvilon.
  3031 | D:5      | Entered Level 5 of the Dungeon
  3052 | D:5      | Found an opulent altar of Gozag.
  3066 | D:5      | Reached XP level 6. HP: 33/35 MP: 10/13
  3113 | D:5      | Reached *** piety under Cheibriados
  3119 | D:5      | Reached skill level 1 in Invocations
  3124 | D:5      | Found Josaa's Distillery.
  3131 | D:5      | Found Qyizohe's Distillery.
  3239 | D:5      | Slain by a hornet zombie

Skill      XL: |  1  2  3  4  5  6 |
---------------+-------------------+-----
Summonings     | 5 6 |  6.6
Fighting       | 1 |  1.9
Dodging        | 3 4 |  4.1
Air Magic      | 1 |  1.8
Invocations    | 1 |  1.3
Stealth        | |  2.4
Spellcasting   | |  3.5

Action                   |  1- 3 |  4- 6 || total
-------------------------+-------+-------++-------
Melee: Hand axe          |    71 |    79 ||   150
       Unarmed           |     2 |       ||     2
 Cast: Summon Small Mamm |    20 |       ||    20
       Call Imp          |     8 |    15 ||    23
       Call Canine Famil |     1 |     9 ||    10
  Use: Scroll            |     9 |     6 ||    15
       Potion            |     1 |       ||     1
 Stab: Distracted        |     2 |     1 ||     3
       Sleeping          |     2 |     3 ||     5
  Eat: Chunk             |     2 |     4 ||     6
Armor: Robe              |    24 |     5 ||    29
Dodge: Dodged            |    70 |    69 ||   139
